 Dungeon Crawl Stone Soup version 0.29-a0-90-gc37658a0fe (webtiles) character file.

Game seed: 16209858416382912938

1674 lordive the Thaumaturge (level 9, -1/66 HPs)
             Began as a Gnoll Hedge Wizard on Feb 7, 2022.
             Was a Follower of Ashenzari.
             Slain by a centaur (3 damage)
             ... on level 7 of the Dungeon.
             The game lasted 00:09:36 (7756 turns).

lordive the Thaumaturge (Gnoll Hedge Wizard)        Turns: 7756, Time: 00:09:37

Health: -1/66      AC:  2    Str:  9    XL:     9   Next: 1%
Magic:  19/22      EV: 18    Int: 17    God:    Ashenzari [*.....]
Gold:   311        SH:  0    Dex: 13    Spells: 19/26 levels left

rFire   . . .      SeeInvis .   u - +10 mace of the Stellar Seer {drain, rC++, Bglg, Elem} (curse)
rCold   + + .      Faith    .   (no shield)
rNeg    . . .      Spirit   .   b - +0 robe
rPois   .          Reflect  .   c - +0 hat
rElec   .          Harm     .   (no cloak)
rCorr   .          Rampage  .   (no gloves)
Will    .....                   (no boots)
Stlth   +++.......              (no amulet)
HPRegen 0.21/turn               k - ring "Shackled Together" {EV+4, Fort, Self} (curse)
MPRegen 0.18/turn               (no ring)

@: no status effects
A: fangs 1, strong nose, distributed training
a: Renounce Religion, Shatter the Chains


You were on level 7 of the Dungeon.
You worshipped Ashenzari.
Ashenzari was aware of your devotion.
You visited 2 branches of the dungeon, and saw 8 of its levels.

You collected 311 gold pieces.

Inventory:

Hand Weapons
 s - a +0 dagger of protection
 u - the cursed +10 mace of the Stellar Seer (weapon) {drain, rC++, Bglg, Elem}
   (You took it off a hobgoblin on level 4 of the Dungeon)

   A truly terrible weapon, it drains the life of any living foe it strikes.
   rC:        It greatly protects you from cold.
   It has a curse which improves the following skills: Beguiling: Conjurations,
   Hexes and Translocations.
   Elements:  Fire Magic, Ice Magic, Air Magic and Earth Magic.
Armour
 b - a +0 robe (worn)
 c - a +0 hat (worn)
Magical Staves
 d - a staff of death
Jewellery
 k - the cursed ring "Shackled Together" (left hand) {EV+4, Fort, Self}
   (You found it on level 2 of the Dungeon)

   [ring of evasion]

   EV:        It affects your evasion (+4).
   It has a curse which improves the following skills: Fortitude: Armour and
   Shields.
   Introspection: Fighting and Spellcasting.
Wands
 q - a wand of digging (6)
 r - a wand of paralysis (7)
 w - a wand of flame (21)
Scrolls
 e - a scroll of enchant weapon
 h - a scroll of immolation
 j - a scroll of noise
 n - a scroll of enchant armour
 t - 2 scrolls of identify
 v - a scroll of fog
 x - a scroll of amnesia
 y - 2 scrolls of blinking
Potions
 a - a potion of ambrosia
 f - a potion of mutation
 g - 2 potions of might
 i - 2 potions of flight
 l - a potion of brilliance
 m - a potion of attraction
 o - a potion of magic
 p - 2 potions of degeneration
 z - 3 potions of curing
 A - a potion of heal wounds


   Skills:
 + Level 3.7(4.5) Fighting
 + Level 3.7 Short Blades
 + Level 3.7 Long Blades
 + Level 3.7 Axes
 + Level 3.7 Maces & Flails
 + Level 3.7 Polearms
 + Level 3.7 Staves
 + Level 3.7 Slings
 + Level 3.7 Bows
 + Level 3.7 Crossbows
 + Level 3.7 Throwing
 + Level 3.7(4.5) Armour
 + Level 6.0 Dodging
 + Level 5.7 Stealth
 + Level 3.7(4.5) Shields
 + Level 3.7 Unarmed Combat
 + Level 8.1(9.0) Spellcasting
 + Level 3.8(4.6) Conjurations
 + Level 3.1(3.8) Hexes
 + Level 3.8 Summonings
 + Level 3.1 Necromancy
 + Level 3.8(4.6) Translocations
 + Level 3.1 Transmutations
 + Level 3.1(3.8) Fire Magic
 + Level 3.1(3.8) Ice Magic
 + Level 3.1(3.8) Air Magic
 + Level 3.1(3.8) Earth Magic
 + Level 3.1 Poison Magic
 + Level 4.1 Invocations
 + Level 3.7 Evocations


You had 19 spell levels left.
You knew the following spells:

 Your Spells              Type           Power      Damage    Failure   Level
a - Magic Dart            Conj           92%        1d7       1%          1
b - Conjure Flame         Conj/Fire      22%        6-21      4%          3
c - Mephitic Cloud        Conj/Pois/Air  20%        N/A       6%          3

Your spell library contained the following spells:

 Spells                   Type           Power      Damage    Failure   Level
 Slow                     Hex            80%        N/A       1%          1
 Summon Small Mammal      Summ           80%        N/A       1%          1
 Blink                    Tloc           46%        N/A       2%          2
 Call Imp                 Summ           20%        N/A       3%          2
 Corpse Rot               Necr/Air       38%        N/A       3%          2
 Poisonous Vapours        Pois/Air       38%        N/A       3%          2
 Call Canine Familiar     Summ           20%        N/A       6%          3
 Summon Guardian Golem    Hex/Summ       20%        N/A       6%          3
 Ignite Poison            Fire/Tmut/Pois 19%        N/A       7%          3
 Freezing Cloud           Conj/Ice/Air   10%        6-21      43%         5


Dungeon Overview and Level Annotations

Branches:
Dungeon (7/15)             Temple (1/1) D:4

Altars:
Ashenzari
Cheibriados
Dithmenos
Elyvilon
Fedhas
Gozag
Hepliaklqana
Kikubaaqudgha
Makhleb
Nemelex Xobeh
Okawaru
Qazlal
Ru
Sif Muna
Trog
Uskayaw
Vehumet
Wu Jian
Yredelemnul
Zin
The Shining One

Shops:
D:6 *

Annotations:
D:2 Sigmund


Innate Abilities, Weirdness & Mutations

You have very sharp teeth.
Your uncanny sense of smell can sniff out nearby items.
Your experience applies equally to all skills.


Message History

You barely miss the two-headed ogre.
The two-headed ogre is heavily wounded.
The two-headed ogre seems less confused.
The two-headed ogre barely misses you. The two-headed ogre closely misses you.
You barely miss the two-headed ogre.
The two-headed ogre is heavily wounded.
The two-headed ogre hits you with a +0 giant spiked club!
The two-headed ogre completely misses you.
You hit the two-headed ogre.
You bite the two-headed ogre, but do no damage.
The two-headed ogre is heavily wounded.
The two-headed ogre closely misses you. The two-headed ogre misses you.
You hit the two-headed ogre. You drain the two-headed ogre.
Your punch misses the two-headed ogre.
You bite the two-headed ogre, but do no damage.
The two-headed ogre is heavily wounded.
The two-headed ogre misses you. The two-headed ogre barely misses you.
You hit the two-headed ogre.
The two-headed ogre is heavily wounded.
The two-headed ogre misses you. The two-headed ogre closely misses you.
You barely miss the two-headed ogre.
The two-headed ogre is heavily wounded.
The two-headed ogre hits you with a +0 giant spiked club!!
* * * LOW HITPOINT WARNING * * *
The two-headed ogre barely misses you.
Unknown command.
A centaur opens the door.
An orc comes into view. It is wielding a +0 mace.
Things that are here:
a +0 giant club; an ogre corpse The centaur hits you.
* * * LOW HITPOINT WARNING * * *
The centaur kicks you but does no damage.
There is an open door here.
Unknown command.
The orc shouts!
The centaur closely misses you. The centaur kicks you.
* * * LOW HITPOINT WARNING * * *
The centaur hits you.
You die...

#### ## ### ...# #.. ..##
##.# #..###..# ### #.#
#.8#)#8.# ..# #.#
##'##$##'###.#
##.####KY.'$#..8##.###
.....##8K #o#.Oc@..#..
##.#.# #'##)##'##..#.#
#.#.# #K8#∆#8.###.#.#
##.#.###KK###K.###>#.######
.......##Y.'Y.##...........
##.)....#######....########
###.#### ###.## #)# #.#
#.######## ##.##


You could see a two-headed ogre (drained) and a centaur.

Vanquished Creatures
  A two-headed ogre (D:6)
  A water moccasin (D:6)
  A necrophage (D:4)
  An ogre (D:7)
  A centaur (D:6)
  A phantom (D:5)
  4 wights (D:6)
  A howler monkey (D:5)
  A bullfrog zombie (D:6)
  A jelly (D:7)
  4 hounds
  An orc priest (D:7)
  A centaur skeleton (D:5)
  Jessica (D:2)
  An iguana (D:6)
  An orc wizard (D:6)
  A gnoll (D:4)
  5 adders
  An ufetubus (D:6)
  3 worms
  A dart slug (D:2)
  6 orcs
  5 bats
  4 endoplasms
  4 giant cockroaches
  8 goblins
  4 hobgoblins
  2 quokkas
  5 ball pythons
  6 frilled lizards
  7 kobolds
  8 rats
92 creatures vanquished.

Notes
Turn   | Place    | Note
-------+----------+-------------------------------------------
     0 | D:1      | lordive the Gnoll Hedge Wizard began the quest for the Orb.
     0 | D:1      | Reached XP level 1. HP: 13/13 MP: 8/8
   236 | D:1      | Reached XP level 2. HP: 19/19 MP: 0/10
   488 | D:1      | Found a faded altar of an unknown god.
  1222 | D:2      | Reached XP level 3. HP: 9/25 MP: 0/11
  1451 | D:2      | Noticed Jessica
  1454 | D:2      | Killed Jessica
  1455 | D:2      | Reached skill level 1 in Fighting
  1455 | D:2      | Reached skill level 1 in Short Blades
  1455 | D:2      | Reached skill level 1 in Long Blades
  1455 | D:2      | Reached skill level 1 in Axes
  1455 | D:2      | Reached skill level 1 in Maces & Flails
  1455 | D:2      | Reached skill level 1 in Polearms
  1455 | D:2      | Reached skill level 1 in Staves
  1455 | D:2      | Reached skill level 1 in Slings
  1455 | D:2      | Reached skill level 1 in Bows
  1455 | D:2      | Reached skill level 1 in Crossbows
  1455 | D:2      | Reached skill level 1 in Throwing
  1455 | D:2      | Reached skill level 1 in Armour
  1455 | D:2      | Reached skill level 1 in Shields
  1455 | D:2      | Reached skill level 1 in Unarmed Combat
  1455 | D:2      | Reached skill level 1 in Invocations
  1455 | D:2      | Reached skill level 1 in Evocations
  1577 | D:2      | Reached XP level 4. HP: 32/32 MP: 8/13
  1790 | D:2      | Noticed Sigmund
  2332 | D:3      | Reached skill level 1 in Hexes
  2332 | D:3      | Reached skill level 1 in Necromancy
  2332 | D:3      | Reached skill level 1 in Transmutations
  2332 | D:3      | Reached skill level 1 in Fire Magic
  2332 | D:3      | Reached skill level 1 in Ice Magic
  2332 | D:3      | Reached skill level 1 in Air Magic
  2332 | D:3      | Reached skill level 1 in Earth Magic
  2332 | D:3      | Reached skill level 1 in Poison Magic
  3171 | D:4      | Identified the +10 mace of Heishrelu {drain, rC++}
  3249 | D:4      | Reached XP level 5. HP: 33/37 MP: 4/14
  3377 | D:4      | Found a staircase to the Ecumenical Temple.
  3399 | D:4      | You fall into a shaft and drop 1 floor!
  3399 | D:5      | Entered Level 5 of the Dungeon
  3420 | Temple   | Entered the Ecumenical Temple
  3590 | Temple   | Became a worshipper of Ashenzari the Shackled
  3967 | D:4      | Noticed a necrophage
  3979 | D:4      | Killed a necrophage
  3980 | D:4      | Reached XP level 6. HP: 27/44 MP: 9/16
  4306 | D:5      | Reached skill level 5 in Dodging
  4801 | D:5      | Reached XP level 7. HP: 31/50 MP: 18/18
  5184 | D:5      | Learned a level 3 spell: Conjure Flame
  5188 | D:5      | Learned a level 3 spell: Mephitic Cloud
  5804 | D:6      | Reached skill level 5 in Stealth
  6336 | D:6      | Found Kyrausuer's General Store.
  6342 | D:6      | Reached XP level 8. HP: 57/57 MP: 19/19
  6584 | D:6      | Noticed a two-headed ogre
  7002 | D:6      | Killed a two-headed ogre
  7003 | D:6      | Reached skill level 8 in Spellcasting
  7430 | D:7      | Reached * piety under Ashenzari
  7550 | D:7      | Reached XP level 9. HP: 28/66 MP: 22/22
  7738 | D:7      | Noticed a two-headed ogre
  7754 | D:7      | HP: 3/66 [centaur (3)]
  7755 | D:7      | HP: 1/66 [centaur (2)]
  7756 | D:7      | Slain by a centaur

Illustrated notes

Levels and vault maps discovered:
D:1:      dpeg_arrival_lava_altar, layout_basic,
          shapermc_ecumenical_altar_mp_highgroup
D:2:      layout_rooms, uniq_sigmund, uniq_jessica
D:3:      layout_basic, minmay_distorted
D:4:      layout_rooms, minmay_temple_entry_steel_oval,
          kennysheep_generic_room_14
D:5:      layout_basic, serial_bayou_ford_a, hangedman_abyss_or_decor_stagger
D:6:      layout_basic, serial_shops, shop, serial_rivers,
          chequers_serial_rivers_micro_d, chequers_serial_rivers_small_a,
          chequers_serial_rivers_small_b, chequers_serial_rivers_large_b,
          nicolae_concentric_dashed_squares_mild
D:7:      minmay_chambers_of_sixes, layout_loops_ring,
          hangedman_decor_clover_reticule
Temple:   minmay_crystal_snake_temple

Skill      XL: |  1  2  3  4  5  6  7  8 |
---------------+-------------------------+-----
Conjurations   | 2 3 |  3.8
Summonings     | 2 3 |  3.8
Translocations | 2 3 |  3.8
Fighting       | 1 2 3 |  3.7
Short Blades   | 1 2 3 |  3.7
Long Blades    | 1 2 3 |  3.7
Axes           | 1 2 3 |  3.7
Maces & Flails | 1 2 3 |  3.7
Polearms       | 1 2 3 |  3.7
Staves         | 1 2 3 |  3.7
Slings         | 1 2 3 |  3.7
Bows           | 1 2 3 |  3.7
Crossbows      | 1 2 3 |  3.7
Throwing       | 1 2 3 |  3.7
Armour         | 1 2 3 |  3.7
Shields        | 1 2 3 |  3.7
Unarmed Combat | 1 2 3 |  3.7
Invocations    | 1 2 3 4 |  4.1
Evocations     | 1 2 3 |  3.7
Hexes          | 1 2 3 |  3.1
Necromancy     | 1 2 3 |  3.1
Transmutations | 1 2 3 |  3.1
Fire Magic     | 1 2 3 |  3.1
Ice Magic      | 1 2 3 |  3.1
Air Magic      | 1 2 3 |  3.1
Earth Magic    | 1 2 3 |  3.1
Poison Magic   | 1 2 3 |  3.1
Dodging        | 5 6 |  6.0
Stealth        | 5 |  5.7
Spellcasting   | 8 |  8.1

Action                   |  1- 3 |  4- 6 |  7- 9 || total
-------------------------+-------+-------+-------++-------
Melee: Short sword       |     2 |       |       ||     2
       Mace              |       |    28 |    70 ||    98
       Bite              |       |     3 |    12 ||    15
       Punch             |       |       |     2 ||     2
 Cast: Magic Dart        |    70 |   133 |    23 ||   226
       Mephitic Cloud    |       |       |     4 ||     4
       Conjure Flame     |       |       |     2 ||     2
Invok: Curse Item        |       |     1 |     1 ||     2
 Stab: Sleeping          |       |       |     4 ||     4
       Confused          |       |       |     1 ||     1
Armor: Robe              |     5 |     6 |     6 ||    17
Dodge: Dodged            |     3 |    50 |    65 ||   118

Table legend: (Time is in decaauts)
 A = Elapsed time spent in this place.
 B = Non-inter-level travel time spent in this place.
 C = Inter-level travel time spent in this place.
 D = Time resting spent in this place.
 E = Time spent auto-exploring this place.
 F = Levels seen in this place.
 G = Mean time per level.
                   A        B        C        D        E       F      G
               +--------+--------+--------+--------+--------+-----+--------+
         Total |   7818 |   7548 |    270 |    925 |   5753 |   8 |  977.2 |
       Dungeon |   7605 |   7378 |    227 |    925 |   5609 |   7 | 1086.4 |
        Temple |    212 |    170 |     42 |      0 |    144 |   1 |  212.0 |
               +--------+--------+--------+--------+--------+-----+--------+

Top non-repeatable levels by time:
     D:6: 1843 daAuts
     D:5: 1425 daAuts
     D:2: 1161 daAuts
     D:1: 1057 daAuts
     D:3: 899 daAuts
     D:4: 876 daAuts
     D:7: 342 daAuts
  Temple: 212 daAuts
